 Dungeon Crawl Stone Soup version 0.18.1-1-g2f07953 (webtiles) character file.

91 M4edhros the Sneak (level 4, -2/29 HPs)
             Began as an Octopode Wanderer on May 7, 2016.
             Slain by an ogre
             ... wielding a +0 giant club
              (13 damage)
             ... on level 4 of the Dungeon.
             The game lasted 00:01:12 (1038 turns).

M4edhros the Sneak (Octopode Wanderer)              Turns: 1038, Time: 00:01:13

Health: -2/29      AC:  1    Str: 11    XL:     4   Next: 59%
Magic:  7/7        EV: 11    Int: 11    God:
Gold:   67         SH:  0    Dex: 15    Spells: 0 memorised, 7 levels left

rFire  . . .     SeeInvis .     a - +2 dagger
rCold  . . .     Gourm    .     (no shield)
rNeg   . . .     Faith    .     (helmet restricted)
rPois  .         Spirit   .     (no amulet)
rElec  .         Dismiss  .     (no ring)
rCorr  .         Reflect  .     (no ring)
SustAt .         Harm     .     (no ring)
MR     .....                    (no ring)
Stlth  +++++.....               (no ring)
                                (no ring)
                                (no ring)
                                (no ring)

@: flying, hasted, very quick, not resistant to hostile enchantments, quite
stealthy
A: almost no armour, amphibious, 8 rings, constrict 8, camouflage 1, gelatinous
body 1
a: no special abilities


You were on level 4 of the Dungeon.
You were not hungry.

You visited 1 branch of the dungeon, and saw 4 of its levels.

You collected 67 gold pieces.

Inventory:

Hand Weapons
 a - a +2 dagger (weapon)
Jewellery
 g - an uncursed ring of flight {unknown}
Scrolls
 b - a scroll of fear
 f - a scroll of remove curse {unknown}
 h - 2 scrolls of enchant weapon {unknown}
 j - 2 scrolls of random uselessness {unknown}
 k - a scroll of noise {unknown}
 l - a scroll of magic mapping {unknown}
Potions
 d - a potion of flight
 i - a potion of brilliance {unknown}
Comestibles
 c - a bread ration


   Skills:
 - Level 2.0 Fighting
   Level 2.0 Polearms
 + Level 6.6 Stealth
   Level 1.0 Shields
 - Level 2.0 Spellcasting
   Level 1.0 Hexes


You had 7 spell levels left.
You didn't know any spells.

Dungeon Overview and Level Annotations

Branches:
Dungeon (4/15)
 Temple: D:4-7

Altars:

Annotations:
D:3 M4edhros's ghost, amateur OpAr


Innate Abilities, Weirdness & Mutations

You cannot wear most types of armour.
You are amphibious.
You can wear up to eight rings at the same time.
You can use your tentacles to constrict eight enemies at once.
Your skin changes colour to match your surroundings (Stealth).
Your rubbery body absorbs attacks (AC +1).


Message History

Okay, then.
Drink which item? (? for menu, Esc to quit)
Okay, then.
You hit the ogre.
The ogre is lightly wounded.
The ogre closely misses you.
You hit the ogre.
The ogre is lightly wounded.
You hit the ogre.
The ogre is lightly wounded.
The ogre hits you with a giant club!
A worm comes into view.
Drink which item? (? for menu, Esc to quit)
It was a potion of flight.
You feel very buoyant.
You fly up into the air.
The ogre hits you with a giant club!
Drink which item? (? for menu, Esc to quit)
It was a potion of haste.
You feel yourself speed up. The ogre hits you with a giant club!
You die...

#. ... ##.## #.. . ...
#.# ##. #.####.# #.#
#...>.# #.# #.....#
#.## ##.....# ..
#..###.#O#..# .#
#.#...##@#..#######.#
#<######w#.........##
#.######.##.###.)8..##
#.##.........#.......#
#.##.###(###...8.....#
#.# #.# #......<..#
... #.# ##..8.†...#
### #.# ##.....†.# ..#
##..8..##


You could see an ogre and a worm.

Vanquished Creatures
  A howler monkey (D:4)
  A worker ant (D:4)
  A dart slug (D:1)
  3 giant geckos (D:1)
  3 giant cockroaches
  2 hobgoblins (D:1)
  2 bats (D:1)
  3 giant newts (D:1)
  4 goblins (D:1)
  5 kobolds
  2 rats (D:1)
27 creatures vanquished.

Vanquished Creatures (others)
  5 toadstools (D:1)
5 creatures vanquished.

Grand Total: 32 creatures vanquished

Notes
Turn   | Place    | Note
--------------------------------------------------------------
     0 | D:1      | M4edhros the Octopode Wanderer began the quest for the Orb.
     0 | D:1      | M4edhros set off with: a +2 dagger, a scroll of fear, a bread ration
     0 | D:1      | Reached XP level 1. HP: 14/14 MP: 3/3
    45 | D:1      | Reached skill level 3 in Stealth
   130 | D:1      | Reached XP level 2. HP: 17/19 MP: 5/5
   187 | D:1      | Reached skill level 4 in Stealth
   512 | D:1      | Reached XP level 3. HP: 22/24 MP: 6/6
   645 | D:1      | Reached skill level 5 in Stealth
   963 | D:3      | Noticed M4edhros's ghost (amateur OpAr)
  1002 | D:4      | Noticed an ogre
  1006 | D:4      | Reached skill level 6 in Stealth
  1006 | D:4      | Reached XP level 4. HP: 29/29 MP: 7/7
  1038 | D:4      | Slain by an ogre

Skill      XL: |  1  2  3 |
---------------+----------+-----
Stealth        | 3 4 6 |  6.6
Fighting       | |  2.0
Polearms       | |  2.0
Shields        | |  1.0
Spellcasting   | |  2.0
Hexes          | |  1.0

Action                   |  1- 3 |  4- 6 || total
-------------------------+-------+-------++-------
Melee: Dagger            |    46 |     4 ||    50
       Constrict         |    11 |       ||    11
       Tentacles         |     3 |       ||     3
  Use: Potion            |       |     2 ||     2
 Stab: Sleeping          |    11 |     1 ||    12
Armor: Skin              |     1 |       ||     1
Dodge: Dodged            |    19 |     1 ||    20
